 Dungeon Crawl Stone Soup version 0.30.0-5-g1a98f26d00 (webtiles) character file.

Game seed: 17679232496367073133

245 Acheron the Trooper (level 6, -5/38 HPs)
             Began as an Octopode Chaos Knight on May 8, 2023.
             Was a Plaything of Xom.
             Slain by a kobold brigand
             ... wielding a +0 short sword
              (9 damage)
             ... on level 4 of the Dungeon.
             The game lasted 00:07:53 (1539 turns).

Acheron the Trooper (Octopode Chaos Knight)         Turns: 1539, Time: 00:07:53

Health: -5/38      AC:  1    Str: 11    XL:     6   Next: 10%
Magic:  7/7        EV: 14    Int: 14    God:    Xom [*.....]
Gold:   180        SH:  0    Dex: 14    Spells: 4/7 levels left

rFire   . . .        i - +1 trident (freeze)
rCold   . . .        (no shield)
rNeg    . . .        (helmet restricted)
rPois   .            (no amulet)
rElec   +            (no ring)
rCorr   .            (no ring)
SInv    .            (no ring)
Will    ++...        (no ring)
Stlth   +++          (no ring)
HPRegen 0.26/turn    (no ring)
MPRegen 0.10/turn    (no ring)
                     (no ring)

%: no passive effects
@: no status effects
A: almost no armour, amphibious, 8 rings, camouflage 1, gelatinous body 1,
(nimble swimmer 1), tentacles, frail 1, strong-willed 2, electricity resistance,
wild magic 1
a: Renounce Religion


You were on level 4 of the Dungeon.
You worshipped Xom.
You were a special plaything of Xom.
You visited 1 branch of the dungeon, and saw 5 of its levels.

You collected 180 gold pieces.

Inventory:

Hand Weapons
 a - a +0 falchion of chaos
 i - a +1 trident of freezing (weapon)
Missiles
 g - 2 boomerangs
Magical Staves
 d - a staff of cold
Scrolls
 e - a scroll of identify
Potions
 h - a potion of degeneration {unknown}
Miscellaneous
 b - a piece from Xom's chessboard (15/15) (quivered)


   Skills:
 * Level 4.1 Fighting
 + Level 3.9 Long Blades
 * Level 0.4 Throwing
 * Level 3.0 Dodging
 * Level 3.3 Stealth
 * Level 1.2 Spellcasting
 * Level 0.3 Conjurations
 * Level 2.0 Evocations


You had 4 spell levels left.
You knew the following spells:

 Your Spells              Type           Power      Damage    Failure   Level
a - Magic Dart            Conj           8%         1d3       30%         1
b - Searing Ray           Conj           4%         2d4       43%         2

Your spell library contained the following spells:

 Spells                   Type           Power      Damage    Failure   Level
 Fulminant Prism          Conj/Hex       0%         3d5       96%         4


Dungeon Overview and Level Annotations

Branches:
Dungeon (5/15)
 Temple: D:4-7

Altars:
Elyvilon


Innate Abilities, Weirdness & Mutations

You cannot wear most types of armour.
You are amphibious.
You can wear up to eight rings at the same time.
Your skin changes colour to match your surroundings (Stealth+).
Your rubbery body absorbs attacks. (AC +1, EV +1)
((You are camouflaged when in or above water. (Stealth+)))
You have tentacles for arms and can constrict up to eight enemies at once.
You are frail. (-10% HP)
You are highly strong-willed. (Will++)
You are resistant to electric shocks. (rElec)
Your spells are a little harder to cast, but a little more powerful.


Message History

A gnoll comes into view. It is wielding a +0 spear.
The gnoll shouts!
You hit the gnoll but do no damage. Your grab misses the gnoll.
The gnoll is almost dead.
You hear a shout!
The gnoll hits you with a +0 whip of electrocution.
The gnoll misses you.
You hear a shout!
You hit the gnoll. You freeze the gnoll.
You kill the gnoll! "Whee!"
Your surroundings suddenly seem different.
A kobold comes into view. It is wielding a +0 whip.
Your surroundings suddenly seem different.
A kobold brigand comes into view.
It is wielding a +0 short sword and quivering poisoned darts.
The kobold moves out of view.
The helpless kobold brigand fails to defend itself.
You hit the kobold brigand but do no damage.
You grab the kobold brigand. You constrict the kobold brigand.
The kobold brigand hits you with a +0 short sword.
You puncture the kobold brigand! You freeze the kobold brigand.
You tentacle-slap the kobold brigand, but do no damage.
The kobold brigand is moderately wounded.
You constrict the kobold brigand. The kobold brigand closely misses you.
You barely miss the kobold brigand. Your squeeze misses the kobold brigand.
The kobold brigand is heavily wounded.
You constrict the kobold brigand.
The kobold brigand hits you with a +0 short sword!
* * * LOW HITPOINT WARNING * * *
The kobold brigand barely misses you.
You hit the kobold brigand but do no damage.
The kobold brigand is heavily wounded.
You constrict the kobold brigand, but do no damage.
The kobold brigand hits you with a +0 short sword.
* * * LOW HITPOINT WARNING * * *
You hit the kobold brigand. You freeze the kobold brigand.
The kobold brigand is heavily wounded.
You constrict the kobold brigand.
The kobold brigand hits you with a +0 short sword!
You die...

#........#..............
#...######..............
#..>#................<..
#...#.....######+#######
#...#.....#.s.........#~
#...#.....#...........#~
####'#.....#.............
#......#####.............
#......#@.##..###..##....
#......#K.#### #..##..#~
#......#..# .......#~
#......#..# ##
########..+ . ...# . #..#
. ####


You could see a kobold brigand.

Vanquished Creatures
  2 scorpions
  Terence (D:3)
  An iguana (D:4)
  2 gnolls (D:4)
  2 adders
  An adder zombie (D:2)
  An orc (D:3)
  5 endoplasms (D:3)
  A goblin (D:4)
  7 hobgoblins
  2 jackals (D:5)
  2 kobolds
  3 ball pythons (D:3)
  4 bats
  4 frilled lizards
  2 rats
40 creatures vanquished.

Vanquished Creatures (others)
  A quokka (D:4)
1 creature vanquished.

Grand Total: 41 creatures vanquished

Notes
Turn   | Place    | Note
-------+----------+-------------------------------------------
     0 | D:1      | Acheron the Octopode Chaos Knight began the quest for the
                  | Orb.
     0 | D:1      | Reached XP level 1. HP: 16/16 MP: 1/1
    44 | D:1      | XOM: silly message
   127 | D:2      | Reached XP level 2. HP: 16/21 MP: 2/2
   259 | D:2      | XOM: silly message
   322 | D:2      | XOM: enchant monster (bad)
   325 | D:2      | You fall into a shaft and drop 1 floor!
   382 | D:4      | XOM: give mutations
   382 | D:4      | Gained mutation: You are resistant to electric shocks.
                  | (rElec) [Xom's mischief]
   382 | D:4      | Gained mutation: You are frail. (-10% HP) [Xom's mischief]
   382 | D:4      | Gained mutation: You are strong-willed. (Will+) [Xom's
                  | mischief]
   382 | D:4      | Gained mutation: You are highly strong-willed. (Will++)
                  | [Xom's mischief]
   385 | D:4      | Found a white marble altar of Elyvilon.
   391 | D:4      | Noticed a scorpion
   392 | D:4      | XOM: fake destruction
   403 | D:5      | Entered Level 5 of the Dungeon
   421 | D:5      | Reached skill level 1 in Stealth
   437 | D:5      | Noticed a scorpion
   441 | D:5      | XOM: 2-stop teleportation journey
   445 | D:5      | Noticed a scorpion
   446 | D:5      | XOM: butterfly on damage
   449 | D:5      | Killed a scorpion
   450 | D:5      | Reached skill level 1 in Evocations
   450 | D:5      | Reached XP level 3. HP: 5/24 MP: 2/4
   450 | D:5      | Reached XP level 4. HP: 7/29 MP: 2/5
   570 | D:4      | XOM: butterfly on damage
   573 | D:4      | Reached skill level 1 in Spellcasting
   574 | D:4      | XOM: polymorph butterfly -> quokka
   698 | D:4      | Reached skill level 4 in Fighting
   737 | D:3      | Reached XP level 5. HP: 33/33 MP: 6/6
   875 | D:3      | XOM: stat loss: -1 Int (13/14)
   948 | D:3      | Noticed Terence
   954 | D:3      | Killed Terence
  1010 | D:3      | Learned a level 1 spell: Magic Dart
  1013 | D:3      | Learned a level 2 spell: Searing Ray
  1487 | D:4      | XOM: give mutations
  1487 | D:4      | Gained mutation: Your body sometimes deteriorates upon
                  | taking damage. [Xom's mischief]
  1487 | D:4      | Lost mutation: Your body sometimes deteriorates upon taking
                  | damage. [Xom's mischief]
  1487 | D:4      | Gained mutation: Your spells are a little harder to cast,
                  | but a little more powerful. [Xom's mischief]
  1496 | D:4      | Identified the +2 robe "Ibofem" {Fly Regen+ Str-4}
  1508 | D:4      | XOM: summons friendly quasit
  1514 | D:4      | Reached XP level 6. HP: 38/38 MP: 7/7
  1534 | D:4      | XOM: 2-stop teleportation journey
  1539 | D:4      | Slain by a kobold brigand

Illustrated notes

Levels and vault maps discovered:
D:1:      scummos_arrival_hexagon, layout_loops_ring, minmay_tiny_reverse_x
D:2:      layout_loops_cross, serial_undead, serial_undead_f, serial_undead_a,
          serial_undead_d, serial_undead_d, serial_undead_a, serial_shops, shop,
          shapermc_ecumenical_altar_pompeii, kennysheep_decorative_pillar,
          minmay_misc_feat_rugged, minmay_misc_feat_doors
D:3:      layout_basic, uniq_terence
D:4:      layout_gridville, elyvilon_altar_4, uniq_crazy_yiuf_cottage
D:5:      layout_rooms, grunt_temple_overflow_holy_war, gammafunk_ghost_hive

Skill      XL: |  1  2  3  4  5  6 |
---------------+-------------------+-----
Stealth        | 1 3 |  3.3
Evocations     | 1 2 |  2.0
Spellcasting   | 1 |  1.2
Fighting       | 4 |  4.1
Dodging        | 3 |  3.0
Long Blades    | |  3.9
Throwing       | |  0.4
Conjurations   | |  0.3

Action                     |  1- 3 |  4- 6 || total
---------------------------+-------+-------++-------
  Melee: Falchion          |    29 |    30 ||    59
         Constrict         |     7 |     8 ||    15
         Tentacles         |     6 |    13 ||    19
         Punch             |     1 |     1 ||     2
         Trident           |       |    25 ||    25
    Use: Scroll            |     2 |     3 ||     5
         Potion            |       |     1 ||     1
   Stab: Sleeping          |     1 |     7 ||     8
         Distracted        |       |     1 ||     1
 Armour: Skin              |     5 |     2 ||     7
  Dodge: Dodged            |    23 |    25 ||    48
